AoeStats
← Metallica11

MegaRandom

511166324Analyzed
4v4 RM · 14d ago on Oct 4, 2026· 34m 5s· 8 players
Game mode
Random Map
Map size
Large (8 player)
Population
200
Speed
Normal
Resources
Standard
Victory
Conquest
Starting age
Dark Age
Ending age
Imperial Age
RankedLock teamsTeams togetherTeam positionsShared explorationLock speedFull tech treeHidden civsTurbo modeCheats
Victory
Defeat
🇹🇷 Varangians · Türkiye
1187
+9
🇹🇷 Bengalis · Türkiye
1142
+11
🇹🇷 Japanese · Türkiye
1035
+15
🇹🇷 Persians · Türkiye
917
+20
vs
🇵🇪 Tatars · Peru
1031
-38
🇦🇺 Khmer · Australia
1030
-14
🇲🇽 Aztecs · Mexico
1019
-14
🇺🇸 Danes · United States
1009
-13
Elma Kanon
5:45 Loom
14:18 Feudal Age
20:09 Castle Age
19:12 Double-Bit Axe
19:23 Horse Collar
22:09 Heavy Plow
25:46 Bow Saw
32:31 Imperial Age
30:06 Fletching
31:06 Elite Skirmisher
32:13 Padded Archer Armor
jeo.hyo
18:22 Feudal Age
19:50 Wheelbarrow
19:17 Horse Collar
20:05 Gold Mining
20:34 Town Watch
20:53 Double-Bit Axe
21:32 Loom
21:55 Arson
Metallica11
7:52 Loom
15:15 Feudal Age
24:03 Castle Age
26:45 Scale Barding Armor
26:51 Forging
26:45 Husbandry
26:56 Bloodlines
26:21 Pikeman
27:53 Double-Bit Axe
27:51 Horse Collar
Legatus
12:03 Loom
15:11 Feudal Age
16:06 Double-Bit Axe
16:13 Horse Collar
25:12 Castle Age
26:22 Gambesons
26:37 Squires
32:56 Man-at-Arms
Finn The Human
12:49 Feudal Age
14:42 Bloodlines
16:40 Scale Barding Armor
17:49 Forging
22:17 Horse Collar
22:25 Double-Bit Axe
26:30 Castle Age
25:22 Scale Mail Armor
27:52 Chain Mail Armor
28:16 Coinage
28:29 Iron Casting
Crucio
5:31 Loom
13:33 Feudal Age
14:03 Double-Bit Axe
14:11 Horse Collar
19:53 Castle Age
18:55 Padded Archer Armor
18:46 Fletching
19:20 Gold Mining
20:56 Bow Saw
21:22 Leather Archer Armor
22:18 Wheelbarrow
22:43 Bodkin Arrow
26:20 Husbandry
27:10 Bloodlines
SEMS
14:59 Feudal Age
13:22 Loom
16:03 Horse Collar
18:38 Double-Bit Axe
24:32 Castle Age
25:46 Squires
25:55 Husbandry
26:53 Heavy Plow
27:08 Forging
32:21 Scale Mail Armor
32:57 Iron Casting
33:18 Bow Saw
SleePWalkeR
9:05 Loom
14:47 Feudal Age
15:09 Double-Bit Axe
15:08 Horse Collar
18:26 Scale Barding Armor
18:33 Forging
23:08 Castle Age
23:34 Bloodlines
25:48 Husbandry
27:52 Gold Mining
27:52 Stone Mining
28:25 Chain Barding Armor
28:41 Iron Casting
28:22 Bow Saw
30:15 Heavy Plow
30:49 Caravan
Connection lost

Rejoining the realm…

Still unreachable

The connection could not be restored.

Session expired

The server has moved on; the page needs a fresh start.